Map: [ESL] Alcyone

Players

Harstem - Winner!

  • Race: Protoss Protoss
  • Spawn Location: 7:00

Scarlett

  • Race: Zerg Zerg
  • Spawn Location: 1:00

Event: ESL SC2 Masters 2023 Winter (Finals)

VOD

Have the link to the VOD?

Description

Time

  • Played on: Dec. 15, 2023, 6:49 p.m.
  • Length: 21:11

All games in this series

Show
View Real Time Build Order
Export as new Build Order

Harstem Protoss - Winner!

Build Orders: 1 Gate Expand, Oracle Opening, Zealot Archon 

Get SALT Encoding   

  12  0:00  Probe  
  13  0:12  Probe  
  14  0:18  Pylon  
  14  0:24  Probe (Chrono Boost)  
  14  0:28  Assimilator  
  15  0:36  Probe (Chrono Boost)  
  16  0:43  Gateway  
  16  0:46  Probe (Chrono Boost)  
  17  0:53  Probe  
  18  1:05  Probe  
  19  1:18  Probe  
  20  1:25  Nexus  
  20  1:31  Cybernetics Core  
  20  1:34  Probe  
  21  1:40  Assimilator  
  21  1:46  Probe  
  22  1:49  Pylon  
  22  1:58  Probe (Chrono Boost)  
  23  2:05  Adept (Chrono Boost)  
  25  2:10  Probe (Chrono Boost)  
  25  2:12  Stargate  
  26  2:18  Probe (Chrono Boost)  
  26  2:22  Warp Gate  
  27  2:24  Probe  
  27  2:27  Adept  
  31  2:37  Probe (Chrono Boost)  
  31  2:42  Probe (Chrono Boost)  
  32  2:47  Probe (Chrono Boost)  
  32  2:50  Probe (Chrono Boost)  
  34  2:52  Probe (Chrono Boost)  
  34  2:55  Oracle (Chrono Boost)  
  38  3:01  Probe  
  38  3:04  Probe  
  40  3:10  Pylon  
  40  3:13  Probe  
  40  3:16  Probe  
  42  3:20  Gateway  
  42  3:25  Probe  
  42  3:26  Oracle (Chrono Boost)  
  46  3:28  Probe  
  47  3:37  Probe  
  47  3:38  Nexus  
  47  3:41  Probe  
  49  3:45  Pylon  
  49  3:49  Probe  
  49  3:53  Probe  
  51  3:56  Oracle (Chrono Boost)  
  51  3:58  Pylon  
  54  4:03  Probe  
  54  4:05  Probe  
  54  4:06  Assimilator  
  54  4:08  Assimilator  
  56  4:11  Stalker  
  56  4:14  Stalker  
  56  4:16  Probe  
  61  4:17  Probe  
  62  4:25  Forge  
  62  4:28  Pylon, Probe  
  62  4:29  Probe  
  64  4:35  Stalker  
  64  4:37  Stalker  
  68  4:40  Probe  
  68  4:41  Probe  
  71  4:53  Probe (Chrono Boost)  
  71  4:54  Protoss Ground Weapons Level 1 (Chrono Boost)  
  71  4:55  Probe (Chrono Boost)  
  70  5:00  Probe (Chrono Boost)  
  70  5:01  Stalker  
  70  5:02  Stalker  
  70  5:05  Probe (Chrono Boost)  
  70  5:06  Probe (Chrono Boost)  
  76  5:08  Twilight Council  
  76  5:12  Probe (Chrono Boost)  
  76  5:13  Probe x2 (Chrono Boost)  
  79  5:14  Gateway  
  79  5:15  Gateway  
  79  5:16  Probe (Chrono Boost)  
  79  5:20  Probe x2  
  81  5:26  Probe  
  81  5:27  Pylon  
  83  5:33  Nexus  
  83  5:34  Probe  
  84  5:39  Probe  
  84  5:40  Probe  
  84  5:42  Assimilator  
  86  5:45  Pylon  
  86  5:46  Assimilator, Probe  
  87  5:51  Probe  
  87  5:52  Sentry, Zealot, Charge (Chrono Boost)  
  87  5:54  Probe  
  87  5:55  Robotics Facility  
  93  5:58  Probe  
  94  6:07  Probe  
  94  6:10  Pylon  
  94  6:11  Templar Archives  
  95  6:12  Gateway x2, Probe  
  95  6:13  Probe  
  95  6:14  Phoenix  
  95  6:15  Pylon  
  97  6:20  Probe  
  97  6:24  Probe  
  99  6:30  Probe  
  99  6:32  Probe  
  101  6:36  Gateway x2  
  101  6:38  Photon Cannon  
  101  6:41  Phoenix (Chrono Boost)  
  101  6:44  Assimilator, Probe  
  101  6:45  Gateway  
  101  6:46  Gateway  
  101  6:47  Protoss Ground Weapons Level 2 (Chrono Boost), Probe  
  104  6:48  Shield Battery  
  104  6:49  High Templar x4  
  104  6:51  Assimilator  
  113  6:54  Observer (Chrono Boost)  
  113  6:58  Archon  
  114  7:04  Probe  
  114  7:05  Archon, Probe  
  114  7:07  Probe  
  117  7:11  Zealot x2  
  117  7:12  Pylon  
  117  7:13  Immortal (Chrono Boost)  
  126  7:18  Probe  
  126  7:22  Gateway  
  129  7:23  Gateway  
  129  7:24  Void Ray (Chrono Boost), Zealot x2  
  129  7:27  Robotics Facility  
  132  7:35  Zealot  
  132  7:36  Zealot x4  
  142  7:38  Zealot  
  142  7:41  Zealot  
  142  7:42  Zealot  
  133  7:52  Zealot x2  
  133  7:56  Zealot x5  
  125  8:08  Immortal (Chrono Boost)  
  125  8:09  Void Ray (Chrono Boost)  
  125  8:10  Pylon  
  131  8:12  High Templar x2  
  131  8:16  Pylon  
  131  8:17  Archon  
  131  8:18  High Templar x2  
  131  8:19  High Templar  
  139  8:24  Archon  
  139  8:28  Shield Battery  
  139  8:29  Shield Battery  
  139  8:31  Zealot x5  
  145  8:36  Probe  
  145  8:37  Robotics Facility  
  140  8:42  High Templar, Zealot  
  140  8:46  Archon  
  142  8:51  Zealot x7  
  142  8:55  Immortal (Chrono Boost)  
  144  8:56  Protoss Ground Weapons Level 3 (Chrono Boost)  
  148  9:06  High Templar x3  
  148  9:07  High Templar  
  156  9:12  Archon  
  156  9:13  Archon  
  156  9:14  Shield Battery  
  156  9:15  Shield Battery  
  156  9:21  Pylon  
  156  9:22  Pylon  
  156  9:24  Psionic Storm  
  154  9:33  Probe x2  
  154  9:35  Pylon  
  139  9:38  Probe  
  139  9:40  Zealot x4  
  139  9:43  Void Ray  
  133  9:46  High Templar x2  
  133  9:47  High Templar x2  
  133  9:49  Zealot x2  
  143  9:58  High Templar x2  
  147  10:03  Probe  
  147  10:05  Probe  
  147  10:06  Probe  
  150  10:10  Photon Cannon  
  142  10:15  Shield Battery  
  142  10:16  High Templar x2  
  142  10:19  Immortal  
  150  10:22  Archon  
  150  10:25  Zealot x6  
  148  10:36  Zealot x4  
  149  10:44  Probe (Chrono Boost)  
  149  10:49  Probe (Chrono Boost)  
  151  10:53  Immortal  
  153  10:57  Probe (Chrono Boost)  
  153  10:59  Probe x3  
  153  11:02  High Templar x4  
  165  11:09  Probe  
  165  11:10  Archon x2  
  164  11:11  Probe x3  
  164  11:15  Zealot x4  
  175  11:21  Probe  
  170  11:29  High Templar x2  
  170  11:32  High Templar x2, Immortal (Chrono Boost)  
  174  11:39  Immortal (Chrono Boost)  
  178  11:43  Pylon  
  176  11:57  High Templar  
  176  11:58  Zealot  
  176  12:01  Probe  
  181  12:02  Pylon  
  181  12:03  Protoss Shields Level 1 (Chrono Boost)  
  181  12:04  Pylon  
  181  12:06  Zealot x3  
  187  12:10  Immortal (Chrono Boost)  
  187  12:20  Observer  
  185  12:25  High Templar x4, Zealot x2  
  185  12:26  Zealot x2  
  185  12:28  Zealot x2  
  191  12:31  Archon x2  
  191  12:43  Zealot x2  
  191  12:51  Zealot x4  
  187  13:14  Pylon  
  187  13:15  Nexus  
  165  13:20  High Templar x6  
  165  13:21  High Templar x2  
  165  13:22  Zealot x4, Warp Prism (Chrono Boost)  
  165  13:26  Archon x4  
  165  13:27  Archon  
  177  13:32  Immortal (Chrono Boost)  
  181  13:35  Photon Cannon  
  181  13:46  Immortal  
  181  13:47  Fleet Beacon  
  185  13:56  Zealot x5  
  193  14:25  Shield Battery  
  193  14:30  Assimilator  
  193  14:32  Zealot, Assimilator  
  193  14:33  Zealot  
  192  14:39  Zealot x2  
  192  14:40  Zealot x2  
  191  14:46  Zealot x6  
  187  15:00  Zealot x6  
  187  15:01  Protoss Shields Level 2  
  169  15:29  Immortal  
  169  15:35  Zealot x10  
  189  15:48  Probe (Chrono Boost)  
  191  15:54  Mothership (Chrono Boost)  
  196  16:10  Zealot x2  
  200  16:41  Oracle  
  200  16:51  Immortal (Chrono Boost)  
  190  16:56  Fleet Beacon  
  190  16:58  Zealot x3, Stargate  
  200  17:03  Protoss Air Weapons Level 1 (Chrono Boost)  
  194  17:12  Zealot x4  
  200  17:21  Observer  
  196  17:46  Probe  
  196  17:49  Zealot x2  
  196  17:50  Zealot  
  193  18:03  Protoss Shields Level 3  
  193  18:04  Nexus  
  191  18:07  Assimilator  
  191  18:09  Immortal x2  
  191  18:10  Pylon  
  181  18:13  Zealot x7  
  181  18:14  Zealot x2  
  189  18:28  Zealot x3  
  189  18:31  Photon Cannon  
  189  18:32  Photon Cannon  
  189  18:34  Photon Cannon  
  187  18:35  Photon Cannon  
  187  18:37  Photon Cannon  
  181  18:44  Shield Battery  
  181  18:45  High Templar  
  181  18:47  Pylon  
  181  18:55  High Templar x6  
  181  18:56  High Templar x5  
  181  18:59  Archon x2  
  181  19:02  Archon x2  
  191  19:03  Archon  
  191  19:07  Immortal  
  195  19:19  Pylon  
  187  19:36  Zealot x7  
  196  19:50  High Templar x4  
  194  20:05  Oracle x2  
  192  20:18  Zealot x6  
  200  20:23  Nexus  
  200  20:24  Pylon  
  187  20:46  Zealot x3  
  187  20:47  Zealot x3  
Show
View Real Time Build Order
Export as new Build Order

Scarlett Zerg 

Build Orders: Hatch First, Lurkers, Swarm Host 

Get SALT Encoding   

  12  0:00  Drone  
  13  0:12  Overlord  
  13  0:17  Drone  
  14  0:30  Drone x2  
  16  0:47  Hatchery  
  15  0:51  Drone  
  15  0:53  Drone  
  17  0:57  Drone  
  18  1:09  Extractor  
  17  1:13  Spawning Pool  
  17  1:16  Drone  
  17  1:19  Drone  
  18  1:28  Drone  
  19  1:38  Drone  
  20  1:49  Drone  
  21  1:59  Queen x2  
  21  2:00  Zergling x2  
  26  2:01  Overlord  
  26  2:11  Drone x2  
  28  2:21  Metabolic Boost  
  28  2:27  Drone  
  28  2:28  Drone  
  30  2:34  Hatchery  
  30  2:35  Drone  
  30  2:39  Drone  
  30  2:43  Queen  
  33  2:47  Overlord  
  33  2:50  Drone  
  34  2:55  Drone x2  
  36  3:03  Overlord  
  36  3:05  Queen  
  38  3:07  Drone  
  38  3:11  Drone x2  
  41  3:13  Drone  
  41  3:17  Drone  
  43  3:20  Drone  
  43  3:26  Queen  
  46  3:27  Drone  
  46  3:29  Spore Crawler  
  46  3:31  Overlord  
  46  3:37  Drone  
  46  3:42  Drone  
  46  3:44  Drone x3  
  46  3:46  Queen  
  52  3:48  Queen  
  52  3:50  Drone  
  55  3:56  Drone x4  
  55  3:59  Overlord  
  59  4:03  Drone  
  59  4:04  Queen  
  59  4:08  Overlord  
  62  4:13  Overlord  
  62  4:14  Zergling x4  
  62  4:16  Zergling x2  
  65  4:21  Drone x4  
  67  4:26  Drone  
  67  4:27  Drone x3  
  67  4:31  Lair  
  71  4:32  Drone x2  
  71  4:35  Drone x3  
  76  4:41  Roach Warren  
  75  4:52  Drone x4  
  77  4:55  Drone  
  77  4:58  Drone x3  
  79  5:02  Drone  
  79  5:03  Drone x4  
  79  5:04  Extractor  
  79  5:05  Extractor x2  
  79  5:06  Extractor  
  80  5:09  Zergling x8  
  80  5:12  Overlord x3  
  84  5:14  Overlord  
  84  5:15  Extractor  
  84  5:16  Spore Crawler x2  
  84  5:17  Overlord  
  84  5:20  Hatchery  
  80  5:26  Drone  
  81  5:33  Evolution Chamber  
  81  5:34  Drone x6  
  86  5:43  Roach  
  86  5:44  Roach x7  
  99  5:54  Drone x2  
  99  5:56  Infestation Pit  
  99  6:05  Roach x3  
  99  6:06  Glial Reconstitution  
  99  6:07  Zerg Missile Weapons Level 1, Roach x4  
  99  6:10  Drone x3  
  116  6:21  Overlord x3  
  116  6:29  Overlord  
  116  6:30  Overlord x3  
  116  6:38  Swarm Host x3  
  125  6:41  Swarm Host x4  
  125  6:46  Swarm Host x2  
  137  6:50  Swarm Host  
  137  6:53  Swarm Host  
  147  7:16  Roach x13, Overlord  
  147  7:22  Roach x2  
  177  7:27  Overlord  
  177  7:28  Overlord  
  177  7:31  Roach  
  177  7:32  Roach  
  177  7:33  Roach  
  183  7:50  Zergling x2, Roach x13  
  179  8:11  Roach x13  
  186  8:33  Hydralisk Den  
  179  8:36  Drone x5  
  179  8:38  Extractor  
  179  8:44  Zergling x30  
  179  8:45  Zerg Missile Weapons Level 2  
  185  9:01  Ravager  
  185  9:02  Ravager x2  
  186  9:03  Ravager  
  186  9:07  Drone x5  
  192  9:12  Muscular Augments  
  192  9:13  Hive, Hatchery  
  184  9:36  Hydralisk x9  
  198  9:46  Lurker Den  
  198  9:51  Extractor  
  198  9:52  Extractor  
  183  10:08  Hydralisk x8  
  198  10:16  Grooved Spines  
  198  10:21  Overlord x2  
  192  10:39  Hydralisk x6  
  200  10:43  Seismic Spines  
  200  10:48  Evolution Chamber  
  199  10:54  Ravager x2  
  195  11:09  Zerg Missile Weapons Level 3  
  178  11:34  Zerg Ground Armor Level 1  
  176  11:40  Adaptive Talons  
  176  11:44  Lurker  
  176  11:45  Lurker x8  
  185  11:47  Overseer  
  185  11:52  Overseer  
  185  11:58  Zergling x30  
  200  12:15  Spine Crawler x2  
  190  12:23  Drone x2  
  190  12:24  Drone x3  
  190  12:25  Drone x3  
  190  12:32  Lurker x8  
  190  12:33  Spire  
  191  13:06  Hydralisk x4  
  174  13:18  Hydralisk x6  
  174  13:19  Drone x6  
  184  13:20  Drone x11  
  184  13:24  Ravager  
  184  13:25  Ravager x3  
  178  13:30  Lurker  
  178  13:32  Zerg Ground Armor Level 2  
  179  13:43  Lurker x5  
  179  13:44  Lurker  
  176  13:58  Zergling x46  
  176  13:59  Hatchery  
  176  14:01  Extractor  
  176  14:02  Extractor  
  196  14:05  Lurker x3  
  199  14:12  Greater Spire  
  173  14:44  Hydralisk x3  
  173  14:45  Hydralisk  
  172  14:55  Drone  
  172  14:56  Drone x5  
  170  15:05  Hydralisk x14  
  181  15:41  Lurker x5  
  186  15:45  Drone  
  187  15:51  Zerg Ground Armor Level 3  
  186  16:11  Overseer x4  
  185  16:14  Drone x10  
  195  16:26  Spine Crawler x2  
  189  16:47  Viper x3  
  189  16:53  Overseer x2  
  191  16:59  Drone x4, Lurker Den  
  182  17:01  Drone  
  182  17:02  Drone x12  
  192  17:08  Drone  
  192  17:09  Drone x2  
  192  17:11  Spore Crawler  
  191  17:21  Spine Crawler  
  151  17:48  Drone x8  
  151  17:50  Hatchery  
  155  17:51  Lair  
  155  17:53  Zerg Flyer Weapons Level 1  
  150  18:10  Drone  
  150  18:11  Drone x3  
  150  18:20  Extractor  
  146  18:27  Overlord x3  
  140  18:43  Hatchery  
  138  19:04  Hatchery  
  137  19:12  Infestation Pit, Hydralisk Den  
  137  19:14  Drone  
  137  19:15  Drone x8  
  144  19:18  Extractor  
  139  19:32  Hatchery  
  139  19:37  Queen x2, Hatchery  
  134  20:00  Hatchery  
  134  20:03  Unknown  
  134  20:06  Hydralisk  
  134  20:07  Hydralisk x5  
  129  20:10  Hydralisk x3  
  147  20:20  Hydralisk x2  
Tags
 
Add a new tag
Caveats
  • Supply blocks, unpowered buildings, or Contaminate may cause inaccurate times.
  • Supply counts are checked every 10 seconds.